[Event "World Junior Chess Championship U20 2022"]
[White "Dzagnidze, Nana"]
[Black "Gevorgyan, Maria"]
[WhiteFideId "13601903"]
[BlackFideId "13300270"]
[WhiteElo "2516"]
[BlackElo "2269"]
[Result "1-0"]
[Round "01"]
[TimeControl "90 min. + 30 min. +30 sec. per move"]
[Date "2022.10.12"]
[WhiteClock "0:13:58"]
[BlackClock "0:04:57"]

1. d4 Nf6 2. Nf3 c5 3. c4 cxd4 4. Nxd4 Nc6 5. Nc3 g6 6. g3 Bg7 7. Bg2 O-O 8. O-O Qa5 9. Nb3 Qh5 10. Nd5 Nxd5 11. cxd5 Ne5 12. d6 exd6 13. Bf4 Re8 14. Rc1 g5 15. Bd2 d5 16. Bc3 d6 17. Qxd5 Re6 18. Bxe5 Rxe5 19. Qxd6 Bh3 20. Bxh3 Qxh3 21. e3 Rae8 22. Rfd1 Qh5 23. Rd2 f5 24. Rc5 Bf8 25. Qxe5 Rxe5 26. Rxe5 Qg6 27. Rd8 Kf7 28. Nd4 Bg7 29. Rd7+ Kg8 30. Nxf5 Bf8 31. Rg7+ 1-0


[Site "http://www.chessbomb.com"]

[Event "World Junior Chess Championship U20 2022"]
[White "Galaviz Medina, Sion Radamantys"]
[Black "Esipenko, Andrey"]
[WhiteFideId "5123119"]
[BlackFideId "24175439"]
[WhiteElo "2345"]
[BlackElo "2668"]
[Result "0-1"]
[Round "01"]
[TimeControl "5400+30"]
[Date "2022.10.12"]
[WhiteClock "0:00:34"]
[BlackClock "0:02:09"]

1. d4 d5 2. c4 e6 3. Nc3 Nf6 4. cxd5 exd5 5. Bg5 c6 6. e3 Bd6 7. Bd3 O-O 8. Nge2 Re8 9. Qc2 h6 10. Bf4 Bf8 11. h3 b6 12. g4 c5 13. Rd1 Nc6 14. Bb5 Bd7 15. g5 Nh5 16. Bxc6 Bxc6 17. Rg1 Nxf4 18. Nxf4 hxg5 19. Nfxd5 Bxd5 20. dxc5 Re5 21. Qd3 Bxc5 22. Nxd5 Qd6 23. Nc3 Qe6 24. Qd7 Qh6 25. Rg3 Bb4 26. Rd5 Qf6 27. Rxe5 Qxe5 28. Qd4 Qa5 29. Rg4 Bxc3+ 30. Qxc3 Qxa2 31. Rxg5 g6 32. Rg4 Qa1+ 33. Ke2 Rd8 34. Rd4 Rxd4 35. Qxd4 Qa6+ 36. Kf3 Qc8 37. h4 Qc6+ 38. Kg3 a5 39. e4 a4 40. e5 b5 41. f3 Qc7 42. f4 Qc2 43. Kf3 Qb3+ 44. Kg4 b4 45. h5 gxh5+ 46. Kxh5 a3 47. bxa3 bxa3 48. Kg4 Qb8 49. Qd5 Qe8 50. Kg3 Kg7 51. Qa5 Qe7 52. Qa6 Kh7 53. Qd3+ Kh8 54. Qa6 Kg7 55. Kg2 Kg8 56. Kg3 Qc5 57. Qe2 Qc8 58. Kh4 Qd8+ 59. Kh5 Qa8 60. e6 Qd5+ 0-1


[Site "http://www.chessbomb.com"]

[Event "World Junior Chess Championship U20 2022"]
[White "Nesterov, Arseniy"]
[Black "Abdurakhmonov, Mukhammadali"]
[WhiteFideId "24198455"]
[BlackFideId "14207346"]
[WhiteElo "2567"]
[BlackElo "2345"]
[Result "1/2-1/2"]
[Round "01"]
[TimeControl "5400+30"]
[Date "2022.10.12"]
[WhiteClock "0:18:10"]
[BlackClock "0:09:13"]

1. d4 Nf6 2. c4 e6 3. Nf3 d5 4. g3 dxc4 5. Bg2 a6 6. O-O Nc6 7. e3 Bd7 8. Qe2 Bd6 9. Qxc4 O-O 10. Nc3 h6 11. e4 e5 12. dxe5 Nxe5 13. Nxe5 Bxe5 14. Be3 b5 15. Qc5 Bd6 16. Qd4 Qe7 17. f4 c5 18. Qd2 b4 19. e5 bxc3 20. exd6 Qe6 21. bxc3 Ne4 22. f5 Nxd2 23. fxe6 Nxf1 24. Rxf1 Bxe6 25. Bxa8 Rxa8 26. Bxc5 Rc8 27. Bb4 Bxa2 28. Ba5 Be6 29. Re1 Bh3 30. Re7 Rc5 31. Bb4 Rf5 32. Re8+ Kh7 33. Re1 a5 34. c4 Rf6 35. Bc5 a4 36. Rd1 Bd7 37. Rd3 g5 38. h3 h5 39. Bb4 g4 40. hxg4 hxg4 41. Re3 Re6 42. Rc3 Re4 43. Kf2 Kg6 44. Ba3 Re5 45. c5 Rf5+ 46. Ke2 Bb5+ 47. Ke3 Rf3+ 48. Kd4 Kf5 49. Bc1 Rxc3 50. Kxc3 Ke6 51. Kd4 Bc6 52. Ba3 Bd7 53. Ke4 Bc6+ 54. Kf4 f5 55. Bb4 Bb5 56. Ba3 1/2-1/2


[Site "http://www.chessbomb.com"]

[Event "World Junior Chess Championship U20 2022"]
[White "Utsab, Chatterjee"]
[Black "Svane, Frederik"]
[WhiteFideId "46609148"]
[BlackFideId "12923044"]
[WhiteElo "2345"]
[BlackElo "2566"]
[Result "0-1"]
[Round "01"]
[TimeControl "5400+30"]
[Date "2022.10.12"]
[WhiteClock "0:29:32"]
[BlackClock "0:30:52"]

1. e4 c5 2. Nf3 e6 3. d4 cxd4 4. Nxd4 Nc6 5. Nxc6 bxc6 6. Bd3 d5 7. O-O Nf6 8. Nc3 Be7 9. b3 O-O 10. Qe2 Re8 11. Bb2 e5 12. Rad1 Bd7 13. exd5 cxd5 14. Nxd5 Nxd5 15. Bxh7+ Kxh7 16. Qd3+ Kg8 17. Qxd5 Be6 18. Qxe5 Bf6 19. Rxd8 Raxd8 20. Qa5 Bxb2 21. c4 Bd4 22. h3 Rd7 23. c5 Rd5 24. b4 Rf5 25. Qxa7 Rd8 26. Qa4 Rf4 27. c6 Bb6 28. Qb5 Bxf2+ 29. Kh2 Rc8 30. Qd3 Bc4 31. Qd7 Be6 32. Qd1 Be3 33. Rxf4 Bxf4+ 34. g3 Bc7 35. a4 Rd8 36. Qc2 Rd4 37. b5 Rc4 38. Qd1 Rb4 39. Qa1 Rb3 40. Qd4 Rxg3 41. Kh1 Rg5 42. a5 Bd5+ 43. Qxd5 Rxd5 44. b6 Rxa5 45. bxc7 Ra8 0-1


[Site "http://www.chessbomb.com"]

[Event "World Junior Chess Championship U20 2022"]
[White "Mendonca, Leon Luke"]
[Black "Cappelletto, Joshuaede"]
[WhiteFideId "35028561"]
[BlackFideId "2824383"]
[WhiteElo "2558"]
[BlackElo "2337"]
[Result "1-0"]
[Round "01"]
[TimeControl "5400+30"]
[Date "2022.10.12"]
[WhiteClock "0:00:46"]
[BlackClock "0:15:12"]

1. d4 Nf6 2. Nf3 g6 3. Nc3 d5 4. Bf4 Bg7 5. e3 O-O 6. Nb5 Na6 7. h3 Ne4 8. c3 c6 9. Na3 Nc7 10. Bd3 Nd6 11. O-O Bf5 12. c4 Bxd3 13. Qxd3 Ne6 14. Bh2 Nxc4 15. Nxc4 dxc4 16. Qxc4 Qd5 17. Rfc1 Rac8 18. b4 Rfd8 19. Rab1 h6 20. Ne1 Qf5 21. Qc2 Qd5 22. Nd3 Ra8 23. Qb3 Qe4 24. Ne5 Qd5 25. Nc4 Rac8 26. Na5 Qd7 27. Qa4 Re8 28. Nb3 Ra8 29. Rc2 Qd5 30. Na5 Qd7 31. Qb3 Rac8 32. Qa3 Ra8 33. Nb3 Qd5 34. Qa5 Red8 35. Rbc1 Qe4 36. Qa4 Rd5 37. Nd2 Qd3 38. Qb3 Qa6 39. Qc4 Qa4 40. Qb3 Qa6 41. Rc4 Qb6 42. Qa3 Rad8 43. R4c2 Bxd4 44. Nc4 Bc5 45. Bd6 Bxb4 46. Qxb4 1-0


[Site "http://www.chessbomb.com"]

[Event "World Junior Chess Championship U20 2022"]
[White "Raahul, V S"]
[Black "Murzin, Volodar"]
[WhiteFideId "25035525"]
[BlackFideId "44155573"]
[WhiteElo "2333"]
[BlackElo "2557"]
[Result "0-1"]
[Round "01"]
[TimeControl "5400+30"]
[Date "2022.10.12"]
[WhiteClock "0:04:33"]
[BlackClock "0:00:41"]

1. c4 Nf6 2. Nc3 g6 3. e4 d6 4. d4 Bg7 5. Be2 O-O 6. Be3 Nbd7 7. Nf3 e5 8. O-O c6 9. d5 c5 10. Ne1 h5 11. Bg5 Re8 12. Nd3 Nf8 13. Qd2 N8h7 14. Bh6 Qe7 15. Bxg7 Kxg7 16. f4 exf4 17. Qxf4 Nxe4 18. Nxe4 Qxe4 19. Qxf7+ Kh6 20. Qf4+ Qxf4 21. Nxf4 g5 22. Ne6 Bxe6 23. dxe6 Rxe6 24. Bf3 Rb8 25. Bd5 Re7 26. Rae1 Rbe8 27. Rd1 Kg7 28. Rd3 Rf8 29. Rxf8 Nxf8 30. Rg3 Kg6 31. Kf2 b6 32. Rd3 Nd7 33. Bf3 Re6 34. Ra3 Ne5 35. Be4+ Kf6 36. Bd5 Ng4+ 37. Kf3 Re1 38. h3 Ne5+ 39. Kg3 h4+ 40. Kh2 Kf5 41. g4+ Kf4 0-1


[Site "http://www.chessbomb.com"]

[Event "World Junior Chess Championship U20 2022"]
[White "Ivic, Velimir"]
[Black "Manish, Anto Cristiano F"]
[WhiteFideId "950122"]
[BlackFideId "25095927"]
[WhiteElo "2553"]
[BlackElo "2332"]
[Result "1-0"]
[Round "01"]
[TimeControl "5400+30"]
[Date "2022.10.12"]
[WhiteClock "0:25:47"]
[BlackClock "0:11:00"]

1. e4 c5 2. Nf3 d6 3. d4 cxd4 4. Nxd4 Nf6 5. Nc3 a6 6. Be3 e5 7. Nb3 Be7 8. f3 Be6 9. Qd2 h5 10. Nd5 Nxd5 11. exd5 Bf5 12. Be2 a5 13. a4 Nd7 14. O-O O-O 15. f4 exf4 16. Bxf4 Rc8 17. c3 Nf6 18. Rae1 Bg6 19. Bf3 Re8 20. Nd4 Qb6 21. Kh1 Bf8 22. Nb5 Ne4 23. Bxe4 Bxe4 24. b3 Bg6 25. c4 f6 26. Be3 Qd8 27. Nd4 Bf7 28. h3 Re5 29. Bf4 Qb6 30. Qd3 Rxe1 31. Rxe1 Re8 32. Ne6 Qf2 33. Bd2 b6 34. Re3 Bxe6 35. dxe6 Qf4 36. e7 1-0


[Site "http://www.chessbomb.com"]

[Event "World Junior Chess Championship U20 2022"]
[White "Lux, Hugo de Melo"]
[Black "Muradli, Mahammad"]
[WhiteFideId "2138298"]
[BlackFideId "13409301"]
[WhiteElo "2309"]
[BlackElo "2550"]
[Result "1-0"]
[Round "01"]
[TimeControl "5400+30"]
[Date "2022.10.12"]
[WhiteClock "0:02:34"]
[BlackClock "0:47:57"]

1. e4 c5 2. Nc3 Nc6 3. f4 g6 4. Nf3 Bg7 5. Bc4 e6 6. O-O Nge7 7. e5 d6 8. Ne4 dxe5 9. fxe5 Nxe5 10. Bb5+ N5c6 11. d4 cxd4 12. Bg5 O-O 13. Nf6+ Kh8 14. Bxc6 bxc6 15. Ne5 Nf5 16. Qf3 h6 17. g4 hxg5 18. gxf5 Bxf6 19. fxg6 Kg7 20. Nxf7 Qe7 21. Qh5 Rxf7 22. Qh7+ Kf8 23. gxf7 Qxf7 24. Rxf6 Qxf6 25. Rf1 1-0


[Site "http://www.chessbomb.com"]

[Event "World Junior Chess Championship U20 2022"]
[White "Iniyan, P"]
[Black "Carlo, Emanuele"]
[WhiteFideId "25002767"]
[BlackFideId "2825380"]
[WhiteElo "2541"]
[BlackElo "2306"]
[Result "1-0"]
[Round "01"]
[TimeControl "5400+30"]
[Date "2022.10.12"]
[WhiteClock "0:30:39"]
[BlackClock "0:02:12"]

1. e4 e5 2. Nf3 Nc6 3. Bc4 Bc5 4. d3 Nf6 5. c3 O-O 6. O-O d6 7. Re1 h6 8. h3 a6 9. Bb3 Ba7 10. Nbd2 Re8 11. Nf1 Be6 12. Bc2 d5 13. exd5 Bxd5 14. Ng3 Qd7 15. Be3 Bxe3 16. Rxe3 g6 17. a4 a5 18. Qe2 Qd6 19. Re1 Rad8 20. Kh2 Kg7 21. Nxe5 Nxe5 22. Rxe5 Rxe5 23. Qxe5 Qb6 24. Rb1 Qxf2 25. Qe2 Qf4 26. Rf1 Qh4 27. Qe1 Qg5 28. Qf2 Re8 29. c4 Be6 30. Qd4 c5 31. Qc3 Bf5 32. Rf3 Re3 33. Rxe3 Qxe3 34. d4 cxd4 35. Qxe3 dxe3 36. Bxf5 e2 37. Nxe2 gxf5 38. Nd4 f4 39. Nb3 b6 40. c5 Nd5 41. Kg1 Kf6 42. Kf2 Ke5 43. Kf3 bxc5 44. Nxa5 Kd4 45. Nc6+ Kc4 46. Ne5+ Kb3 47. Nxf7 Kxb2 48. Nxh6 c4 49. Nf5 Kc3 50. Ke4 Ne3 51. a5 Nxf5 52. Kxf5 f3 53. gxf3 Kd2 54. a6 c3 55. a7 c2 56. a8=Q c1=Q 57. Qe4 Qc8+ 58. Qe6 Qc5+ 59. Kf4 Qd4+ 60. Qe4 Qd8 61. Kg3 Qb6 62. Kg2 Qf6 63. h4 Qf7 64. Qe5 Kd3 65. h5 Qg8+ 66. Kh3 Qc8+ 67. Kh2 Qc2+ 68. Kg3 Qc8 69. h6 Qg8+ 70. Qg7 Qb8+ 71. f4 1-0


[Site "http://www.chessbomb.com"]

[Event "World Junior Chess Championship U20 2022"]
[White "Martins, Bruno Andre Leite"]
[Black "Sonis, Francesco"]
[WhiteFideId "1942255"]
[BlackFideId "895733"]
[WhiteElo "2306"]
[BlackElo "2531"]
[Result "0-1"]
[Round "01"]
[TimeControl "5400+30"]
[Date "2022.10.12"]
[WhiteClock "0:00:35"]
[BlackClock "0:14:59"]

1. e4 c5 2. Nf3 d6 3. d4 cxd4 4. Nxd4 Nf6 5. Nc3 a6 6. Rg1 h5 7. h3 e5 8. Nb3 h4 9. Be3 Be6 10. Qd2 Nbd7 11. O-O-O b5 12. f4 Rc8 13. Kb1 Qc7 14. Nd5 Qc6 15. Na5 Qa8 16. c4 Nxe4 17. Qb4 Ng3 18. Bd3 e4 19. Bc2 Rh5 20. Qd2 bxc4 21. Nb6 c3 22. Qf2 Bxa2+ 23. Kxa2 Rxa5+ 24. Ba4 Qc6 25. Kb1 Rxa4 0-1


[Site "http://www.chessbomb.com"]

[Event "World Junior Chess Championship U20 2022"]
[White "Budisavljevic, Luka"]
[Black "Guz, Ari"]
[WhiteFideId "960047"]
[BlackFideId "2825759"]
[WhiteElo "2524"]
[BlackElo "2305"]
[Result "1-0"]
[Round "01"]
[TimeControl "5400+30"]
[Date "2022.10.12"]
[WhiteClock "0:24:02"]
[BlackClock "0:14:58"]

1. d4 Nf6 2. c4 e6 3. Nf3 d5 4. Nc3 c5 5. e3 a6 6. cxd5 exd5 7. Be2 Be7 8. O-O O-O 9. b3 Nc6 10. Bb2 Be6 11. Rc1 cxd4 12. Nxd4 Nxd4 13. Qxd4 Rc8 14. Bf3 Qa5 15. a3 Bxa3 16. Ra1 Bxb2 17. Rxa5 Bxc3 18. Qa4 Bxa5 19. Qxa5 Rfd8 20. Qb6 Rd7 21. h3 h6 22. Rd1 Rc6 23. Qd4 Rdc7 24. Qe5 Nd7 25. Qf4 Rc1 26. Kh2 Nf6 27. e4 Rxd1 28. Qxc7 Rd2 29. exd5 Bxd5 30. Qc8+ Kh7 31. Bxd5 Rxd5 32. Qxb7 Rf5 33. Kg1 1-0


[Site "http://www.chessbomb.com"]

[Event "World Junior Chess Championship U20 2022"]
[White "Gaal, Zsoka"]
[Black "Batsuren, Dambasuren"]
[WhiteFideId "777765"]
[BlackFideId "4902920"]
[WhiteElo "2298"]
[BlackElo "2522"]
[Result "0-1"]
[Round "01"]
[TimeControl "5400+30"]
[Date "2022.10.12"]
[WhiteClock "0:00:38"]
[BlackClock "0:02:40"]

1. Nf3 Nf6 2. g3 b5 3. Bg2 Bb7 4. d4 e6 5. O-O Be7 6. Bg5 h6 7. Bxf6 Bxf6 8. Qd3 a6 9. e4 d6 10. a4 b4 11. c3 bxc3 12. Nxc3 Nd7 13. Rfd1 O-O 14. Rac1 Rb8 15. Qe2 g6 16. b4 Qe7 17. a5 Rfc8 18. Na4 Bg7 19. Rd2 c5 20. dxc5 dxc5 21. Rcd1 Bc6 22. Nxc5 Nxc5 23. bxc5 Ba4 24. Rc1 Rxc5 25. Rxc5 Rb1+ 26. Bf1 Qxc5 27. Rd8+ Kh7 28. Nd2 Rb2 29. Qxa6 Bc3 30. Qc4 Qxa5 31. Rc8 Bg7 32. Nf3 Rb1 33. Rc5 Qb6 34. Nd2 Rb2 35. Qc1 Rxd2 0-1


[Site "http://www.chessbomb.com"]

[Event "World Junior Chess Championship U20 2022"]
[White "Seo, Jung Min"]
[Black "Wartiovaara, Oliver"]
[WhiteFideId "1734687"]
[BlackFideId "513024"]
[WhiteElo "2520"]
[BlackElo "2297"]
[Result "1-0"]
[Round "01"]
[TimeControl "5400+30"]
[Date "2022.10.12"]
[WhiteClock "0:15:15"]
[BlackClock "0:55:12"]

1. Nf3 Nf6 2. d4 e6 3. c4 d5 4. Nc3 Be7 5. g3 O-O 6. Bg2 Nc6 7. Ne5 a5 8. cxd5 Nxe5 9. dxe5 Nxd5 10. Nxd5 exd5 11. O-O c6 12. Qc2 f5 13. exf6 Bxf6 14. e4 dxe4 15. Bxe4 g6 16. Bh6 Bg7 17. Bxg7 Kxg7 18. Bg2 Qf6 19. Rfe1 Be6 20. Re3 Rad8 21. Rae1 Bd5 22. Bxd5 Rxd5 23. Re6 Qf3 24. R6e3 Qf6 25. Re7+ Rf7 26. Rxf7+ Qxf7 27. Qc3+ Kg8 28. a3 h5 29. h4 Kh7 30. Kg2 Rf5 31. Qd2 b6 32. Kg1 Rd5 33. Qe3 Rb5 34. Qd4 Rd5 35. Qxb6 Qd7 36. Qb3 Rd3 37. Qa4 Qd4 38. Re7+ Kh6 39. Qxd4 Rxd4 40. Re2 c5 41. Kg2 Kg7 42. Re5 Rc4 43. Kf3 Kf6 44. Re2 Rd4 45. Rc2 c4 46. Ke2 Ke5 47. f3 1-0


[Site "http://www.chessbomb.com"]

[Event "World Junior Chess Championship U20 2022"]
[White "Zemach, Nadav"]
[Black "Davtyan, Artur"]
[WhiteFideId "2820927"]
[BlackFideId "13308327"]
[WhiteElo "2293"]
[BlackElo "2517"]
[Result "0-1"]
[Round "01"]
[TimeControl "5400+30"]
[Date "2022.10.12"]
[WhiteClock "0:29:55"]
[BlackClock "0:48:51"]

1. d4 d5 2. c4 e6 3. Nf3 c6 4. Qc2 Nf6 5. g3 dxc4 6. Qxc4 b5 7. Qc2 Bb7 8. Bg2 Nbd7 9. O-O c5 10. a4 b4 11. Nbd2 Rc8 12. dxc5 Nxc5 13. Rd1 Bd5 14. Qb1 Be4 15. Qa2 b3 16. Qa3 Bc2 17. Ne5 Ncd7 0-1


[Site "http://www.chessbomb.com"]

[Event "World Junior Chess Championship U20 2022"]
[White "Dauw, Sterre"]
[Black "Kacharava, Nikolozi"]
[WhiteFideId "248886"]
[BlackFideId "13611860"]
[WhiteElo "2287"]
[BlackElo "2512"]
[Result "0-1"]
[Round "01"]
[TimeControl "5400+30"]
[Date "2022.10.12"]
[WhiteClock "0:56:30"]
[BlackClock "0:30:13"]

1. d4 d5 2. c4 e6 3. Nf3 Nf6 4. Nc3 c6 5. g3 dxc4 6. Bg2 b5 7. O-O Bb7 8. Ne5 a6 9. a4 Be7 10. axb5 axb5 11. Rxa8 Bxa8 12. Nxb5 cxb5 13. Bxa8 O-O 14. Bg2 Bd6 15. Bf4 Nd5 16. Bd2 Bxe5 17. dxe5 Nc6 18. e4 Ndb4 19. h4 Nd3 20. Bg5 Qd4 21. b3 Ra8 22. Be3 Qb2 23. bxc4 bxc4 24. h5 h6 25. g4 Ncxe5 26. g5 c3 27. Bc1 Qxc1 28. Qxc1 Nxc1 29. Rxc1 Rc8 30. Bf1 hxg5 0-1


[Site "http://www.chessbomb.com"]

[Event "World Junior Chess Championship U20 2022"]
[White "Petkov, Momchil"]
[Black "Vagman, Roy"]
[WhiteFideId "2921642"]
[BlackFideId "2828995"]
[WhiteElo "2511"]
[BlackElo "2274"]
[Result "1/2-1/2"]
[Round "01"]
[TimeControl "5400+30"]
[Date "2022.10.12"]
[WhiteClock "0:00:58"]
[BlackClock "0:09:04"]

1. d4 d5 2. c4 e6 3. Nf3 Nf6 4. g3 dxc4 5. Bg2 a6 6. O-O Nc6 7. a4 Rb8 8. a5 b5 9. axb6 cxb6 10. Bf4 Bd6 11. Ne5 Ne7 12. Bc6+ Kf8 13. Bg2 h6 14. e4 b5 15. Qe2 Bc7 16. Rd1 Nd7 17. Nxd7+ Qxd7 18. Bxc7 Qxc7 19. d5 Rb6 20. Qd2 exd5 21. exd5 Qd6 22. Nc3 Bf5 23. Re1 Ng8 24. Qd4 Nf6 25. Re5 Bg6 26. Rae1 Rb7 27. Ne2 Kg8 28. Nf4 Kh7 29. Nxg6 fxg6 30. Re6 Qd8 31. Rxa6 Re8 32. Rxe8 Qxe8 33. Re6 Re7 34. Bh3 Rxe6 35. Bxe6 Qe7 36. Qe5 Qc5 37. Qe3 Qd6 38. Qd4 Ne8 39. Bf7 Qe7 40. Bxe8 Qxe8 41. d6 Qd7 42. Qc5 Qe6 43. h4 Qe1+ 44. Kg2 Qe4+ 45. Kh2 Qd3 46. Kg2 Qe4+ 47. Kh2 Qd3 48. Qc6 b4 49. d7 c3 50. b3 c2 51. d8=Q Qxd8 52. Qxc2 h5 53. Qc4 Qd2 54. Kg2 Qc3 55. Qd5 Qe1 56. Qd4 Qc3 57. Qe3 Qc6+ 58. Qf3 Qc3 59. Qd5 Qe1 60. Qc4 Qc3 61. Qe6 Qd4 62. Qc6 Qc3 63. Qd5 1/2-1/2


[Site "http://www.chessbomb.com"]

[Event "World Junior Chess Championship U20 2022"]
[White "Bettalli, Francesco"]
[Black "Horvath, Dominik"]
[WhiteFideId "2816453"]
[BlackFideId "1642561"]
[WhiteElo "2267"]
[BlackElo "2505"]
[Result "0-1"]
[Round "01"]
[TimeControl "5400+30"]
[Date "2022.10.12"]
[WhiteClock "0:01:58"]
[BlackClock "0:57:52"]

1. e4 e5 2. Nf3 Nc6 3. Bc4 Nf6 4. d4 exd4 5. e5 d5 6. Bb5 Nd7 7. Bxc6 bxc6 8. Nxd4 Nxe5 9. O-O c5 10. Qe2 Qe7 11. Nb3 Nc4 12. Qd1 Be6 13. Nc3 Qd7 14. f4 f5 15. Re1 Kf7 16. g4 Rd8 17. gxf5 Bxf5 18. Qe2 g6 19. Qf2 Qc6 20. Nb1 d4 21. N1d2 Qd5 22. Nf3 Bd6 23. Nbd2 Ne3 24. Ng5+ Kg7 25. c4 Qc6 26. Ndf3 Bxf4 0-1


[Site "http://www.chessbomb.com"]

[Event "World Junior Chess Championship U20 2022"]
[White "Gadimbayli, Abdulla"]
[Black "Ansat, Aldiyar"]
[WhiteFideId "13404938"]
[BlackFideId "13715658"]
[WhiteElo "2499"]
[BlackElo "2262"]
[Result "1-0"]
[Round "01"]
[TimeControl "5400+30"]
[Date "2022.10.12"]
[WhiteClock "0:19:52"]
[BlackClock "0:26:47"]

1. e4 c5 2. Nf3 Nc6 3. Bb5 e6 4. O-O Nge7 5. c3 a6 6. Ba4 b5 7. Bc2 Bb7 8. d4 cxd4 9. Nxd4 Ng6 10. Nxc6 dxc6 11. Qe2 e5 12. Be3 Be7 13. g3 Qd7 14. h4 h5 15. Nd2 Qh3 16. Qf3 Rd8 17. Bb3 O-O 18. Qxh5 Bc8 19. Bd1 Rd6 20. Qf3 Nxh4 21. Qh1 Rfd8 22. Re1 Qxh1+ 23. Kxh1 Ng6 24. Nb3 Kf8 25. Kg2 Re8 26. Bh5 Kg8 27. Bc5 Rf6 28. Bxg6 Rxg6 29. Bxe7 Rxe7 30. Nc5 Bg4 31. f3 Be6 32. Red1 Rh6 33. Nxa6 Bh3+ 34. Kf2 Ree6 35. g4 Bxg4 36. fxg4 Rh2+ 37. Ke3 Reh6 38. Rf1 Rxb2 39. Rh1 Rxa2 40. Rxh6 Rxa1 41. Rxc6 Re1+ 42. Kd3 Rg1 43. Rc8+ Kh7 44. Rc5 Rg3+ 45. Kc2 f6 46. Rxb5 Rxg4 47. Rb4 g5 48. c4 Rg2+ 49. Kb3 g4 50. c5 g3 51. c6 Rg1 52. c7 Rc1 53. Rb7 1-0


[Site "http://www.chessbomb.com"]

[Event "World Junior Chess Championship U20 2022"]
[White "Nouri, Alekhine"]
[Black "Blohberger, Felix"]
[WhiteFideId "5216184"]
[BlackFideId "1632051"]
[WhiteElo "2251"]
[BlackElo "2493"]
[Result "1/2-1/2"]
[Round "01"]
[TimeControl "5400+30"]
[Date "2022.10.12"]
[WhiteClock "0:14:48"]
[BlackClock "0:00:59"]

1. e4 c5 2. Nc3 Nc6 3. Bb5 Nd4 4. Nf3 a6 5. Bc4 b5 6. Bd5 Rb8 7. Nxd4 cxd4 8. Ne2 Nf6 9. d3 Nxd5 10. exd5 Bb7 11. Nxd4 Bxd5 12. O-O e6 13. Bf4 Rc8 14. c3 Bc5 15. Ne2 O-O 16. Qd2 Re8 17. a4 Bb7 18. axb5 axb5 19. b4 Bf8 20. Ra7 Qb6 21. Be3 Qc6 22. f3 e5 23. c4 d5 24. c5 d4 25. Bf2 Re6 26. Rfa1 Rg6 27. Ng3 h5 28. Ne4 Be7 29. Bg3 Kh7 30. Qa2 Re6 31. h4 Rc7 32. Qd2 f5 33. Ng5+ Bxg5 34. Qxg5 Rf7 35. Qxh5+ Kg8 36. Qg5 f4 37. Qd8+ Re8 38. Qb6 fxg3 39. R1a6 Qc8 40. Qg6 Ref8 41. Ra5 e4 42. dxe4 d3 43. Qxg3 Qd8 44. Ra1 Qd4+ 45. Kh2 d2 46. Rd1 Qxb4 47. Qd6 Bxe4 48. Rxf7 Rxf7 49. fxe4 Qxe4 50. Qd8+ Rf8 51. Qxd2 Qe5+ 52. Kh1 Qxc5 53. Rc1 Qe5 54. Re1 Qc5 55. Rc1 Qf5 56. Qa2+ Kh8 57. Qb3 Qf4 58. Rc3 Qe5 59. Rc1 Qf4 60. Rc3 Ra8 61. Qd1 Qe5 62. Qc1 b4 63. Rc5 Ra1 64. Rxe5 Rxc1+ 65. Kh2 1/2-1/2


[Site "http://www.chessbomb.com"]

[Event "World Junior Chess Championship U20 2022"]
[White "Parkhov, Yair"]
[Black "Nemeth, Zalan"]
[WhiteFideId "2813408"]
[BlackFideId "2512041"]
[WhiteElo "2484"]
[BlackElo "2247"]
[Result "1/2-1/2"]
[Round "01"]
[TimeControl "5400+30"]
[Date "2022.10.12"]
[WhiteClock "0:03:32"]
[BlackClock "0:15:38"]

1. d4 Nf6 2. c4 e6 3. Nc3 d5 4. cxd5 exd5 5. Bg5 c6 6. e3 g6 7. Bd3 Bg7 8. Nf3 O-O 9. h4 h6 10. Bf4 Bg4 11. Qc2 Nbd7 12. Ne5 Be6 13. O-O-O c5 14. h5 c4 15. Be2 Bf5 16. Qa4 g5 17. g4 Be6 18. Bg3 Nxe5 19. dxe5 Nxg4 20. Bxc4 Nxe5 21. Bxd5 Bxd5 22. Rxd5 Qe7 23. Qe4 Rfe8 24. Rhd1 Nc6 25. Qxe7 Rxe7 26. Nb5 a6 27. Nd6 Nb4 28. Rc5 Rd8 29. a3 Nc6 30. Nxb7 Bxb2+ 31. Kc2 Rxd1 32. Kxd1 Ne5 33. Na5 f6 34. a4 Kf7 35. Rc8 Nd7 36. Nc4 Be5 37. f4 gxf4 38. exf4 Bb8 39. Rh8 Nf8 40. Bh4 Re6 41. Rxh6 Bxf4 42. Rxf6+ Rxf6 43. Bxf6 Kxf6 44. Kc2 Ke6 45. Nb2 Nd7 46. Nd3 Bh6 47. Kc3 Kd6 48. Nf2 Nf6 49. Nd3 Nxh5 50. Kb4 Bd2+ 51. Kc4 Kc6 52. Nc5 Kb6 53. Nd7+ Ka5 54. Kb3 Nf4 55. Ne5 Kb6 1/2-1/2


[Site "http://www.chessbomb.com"]

[Event "World Junior Chess Championship U20 2022"]
[White "Oye-Stromberg, Alexander"]
[Black "Zhu, Jiner"]
[WhiteFideId "1525999"]
[BlackFideId "8608059"]
[WhiteElo "2233"]
[BlackElo "2484"]
[Result "0-1"]
[Round "01"]
[TimeControl "5400+30"]
[Date "2022.10.12"]
[WhiteClock "0:18:54"]
[BlackClock "0:53:41"]

1. d4 Nf6 2. c4 e6 3. Nc3 Bb4 4. Qc2 O-O 5. a3 Bxc3+ 6. Qxc3 d5 7. Nf3 dxc4 8. Qxc4 b6 9. h4 Bb7 10. Bf4 c5 11. dxc5 Bd5 12. Qc2 Nbd7 13. c6 Rc8 14. c7 Qe7 15. e3 e5 16. Bg3 Bxf3 17. gxf3 Ne8 18. Ba6 Rxc7 19. Qe2 Nc5 20. Rd1 Nd6 21. Kf1 f5 22. h5 Nxa6 23. Qxa6 Nc4 24. Qb5 f4 25. exf4 exf4 26. Bh4 Qe6 27. Re1 Qf7 28. Re7 Rxe7 29. Bxe7 Rc8 30. Bb4 a5 31. Bc3 Rc5 32. Qa6 Qd5 33. Kg2 Qg5+ 34. Kf1 Qd8 35. Ke2 Rc7 36. Re1 h6 37. Qb5 Rc5 38. Qa4 b5 39. Qc2 b4 40. axb4 axb4 41. Bxb4 Qe8+ 42. Kf1 Qb5 43. Re8+ Qxe8 44. Bxc5 Qb5 45. Qe2 Qxc5 46. Qe8+ Qf8 47. Qe6+ Qf7 48. Qc8+ Kh7 49. b4 Qd5 50. Qe8 Ne5 51. b5 Qd1+ 52. Kg2 Qxf3+ 0-1


[Site "http://www.chessbomb.com"]

[Event "World Junior Chess Championship U20 2022"]
[White "Samunenkov, Ihor"]
[Black "Winkelman, Albert"]
[WhiteFideId "14187086"]
[BlackFideId "3219941"]
[WhiteElo "2473"]
[BlackElo "2229"]
[Result "1-0"]
[Round "01"]
[TimeControl "5400+30"]
[Date "2022.10.12"]
[WhiteClock "0:33:09"]
[BlackClock "0:00:51"]

1. e4 e5 2. Nf3 Nc6 3. Bb5 a6 4. Ba4 Nf6 5. Nc3 b5 6. Bb3 Bc5 7. O-O d6 8. Nd5 h6 9. c3 O-O 10. d4 Ba7 11. a4 Nxe4 12. axb5 axb5 13. Qe2 Nf6 14. Nxf6+ Qxf6 15. Bd5 Bd7 16. Qxb5 e4 17. Bxe4 Nxd4 18. Qxd7 Nxf3+ 19. Bxf3 Bxf2+ 20. Kxf2 Rxa1 21. Qxc7 Qg6 22. Be3 Rxf1+ 23. Kxf1 Qb1+ 24. Kf2 Qxb2+ 25. Kg3 Qc2 26. h3 Qg6+ 27. Kh2 Qe6 28. Bd4 Rc8 29. Qa5 Qe7 30. Qf5 Qe6 31. Qh5 Rc7 32. Bd5 Qc8 33. Qg6 Qf8 34. Qf5 Qe7 35. Qg6 Qf8 36. Qg4 Kh7 37. Qf5+ g6 38. Qf6 h5 39. h4 Rd7 40. g4 Re7 41. gxh5 1-0


[Site "http://www.chessbomb.com"]